[Event "Vaujany Principal"]
[Site "Vaujany"]
[Date "2012.07.17"]
[Round "6.27"]
[White "Abdesselem, Ahmed"]
[Black "Vledouts, Sacha"]
[Result "0-1"]
[ECO "B06"]
[WhiteElo "1875"]
[BlackElo "2035"]
[Annotator "Jean-pierre,LEES"]
[PlyCount "118"]
[SourceDate "2012.07.12"]
[TimeControl "240+2"]

{1024MB, Fritz8.ctg
} 1. e4 g6 2. d4 d6 3. Nf3 Bg7 4. Be2 e5 5. dxe5 dxe5 6.
Qxd8+ Kxd8 7. O-O f6 8. Nc3 Be6 9. Be3 c6 10. a4 Nh6 11. a5 Nd7 12. h3 Nf7 13.
Na4 Kc7 14. b4 Rhe8 15. c4 Bf8 16. b5 c5 17. Nc3 b6 18. a6 Nd6 19. Nd2 f5 20.
f3 f4 21. Bf2 Nf6 22. Bd3 g5 23. Rfe1 h5 24. Nd5+ Bxd5 25. exd5 Bg7 26. Bg6 Rg8
27. Rac1 (27. Rxe5 Nd7) 27... Bh8 28. Bd3 Nd7 29. Ne4 Raf8 30. Nxd6 Kxd6 31.
Be4 Rf6 32. Re2 Bg7 33. Be1 Bh6 34. Rc3 Rf7 35. Rd3 g4 36. hxg4 hxg4 37. fxg4
Rxg4 38. Rh3 Bf8 39. Bc3 f3 40. Rxf3 Rxf3 41. Bxf3 Rxc4 42. Bd2 Nf6 43. Bg5
Nxd5 44. Bxd5 Kxd5 45. Bd8 Rb4 46. Bxb6 Rxb5 47. Bxa7 Ra5 48. Bb8 e4 49. a7 c4
50. Rd2+ Kc6 51. Rc2 Bc5+ 52. Kf1 Kd5 53. Ke2 Bd4 54. g4 c3 55. g5 Kc4 56. g6
Kb3 57. Kd1 Ra1+ 58. Rc1 Rxc1+ 59. Kxc1 Be3+ 0-1

[Event "Vaujany Principal"]
[Site "Villaz"]
[Date "2012.10.27"]
[Round "6.28"]
[White "Deleva, Mathias"]
[Black "Haver, Bas"]
[Result "1/2-1/2"]
[ECO "B20"]
[WhiteElo "2061"]
[BlackElo "2021"]
[Annotator "Jean-pierre,LEES"]
[PlyCount "98"]
[SourceDate "2012.07.12"]
[WhiteTeam "India"]
[BlackTeam "Soviet Union"]
[WhiteTeamCountry "IND"]
[BlackTeamCountry "URS"]
[TimeControl "240+2"]

{1024MB, Fritz8.ctg
} 1. e4 c5 2. b3 Nc6 3. Bb2 e6 4. Bb5 Nd4 5. Bd3 d5 6. Nc3
Qg5 7. g3 Bd6 8. Nf3 Nxf3+ 9. Qxf3 d4 10. Nb5 Bb8 11. c3 e5 12. cxd4 exd4 13.
h4 Qe7 14. Rc1 a6 $2 (14... Be5) 15. Nxd4 Nh6 16. Ne2 O-O 17. Qe3 Ng4 18. Qg5
f6 19. Qxc5 Qxc5 20. Rxc5 Ba7 21. Rc3 Bxf2+ 22. Kf1 b5 23. Kg2 Rd8 24. Rd1 Bb7
25. Bc2 Rd7 26. d4 Re8 27. d5 Bb6 28. Bc1 Nf2 29. Rf1 Nxe4 30. Bxe4 Rxe4 31.
Nf4 Bxd5 32. Nxd5 Rxd5 33. Rc6 Bc5 34. Rxa6 Re2+ 35. Kh3 Rd3 36. Bf4 Rc3 37.
Rc1 b4 38. Rc6 Rxc1 39. Bxc1 Be7 40. Ra6 Kf7 41. Bf4 g5 42. Bc7 h5 43. hxg5
fxg5 44. g4 h4 45. Bb8 Ke8 46. Bd6 Re3+ 47. Kh2 Re2+ 48. Kh3 Bf6 49. Ra7 Bd4
1/2-1/2

[Event "Vaujany Principal"]
[Site "Villaz"]
[Date "2012.07.17"]
[Round "6.29"]
[White "Devoille, Hugo"]
[Black "Hoyer, H."]
[Result "1/2-1/2"]
[ECO "B07"]
[WhiteElo "1927"]
[BlackElo "2032"]
[Annotator "Jean-pierre,LEES"]
[PlyCount "61"]
[SourceDate "2012.07.12"]
[WhiteTeam "India"]
[BlackTeam "Soviet Union"]
[WhiteTeamCountry "IND"]
[BlackTeamCountry "URS"]
[TimeControl "240+2"]

{1024MB, Fritz8.ctg
} 1. e4 d6 2. d4 Nf6 3. Nc3 c6 4. a4 Qa5 5. Bd3 e5 6. Nge2
Na6 7. O-O Bg4 8. f3 Bh5 9. Bd2 Qc7 10. Kh1 Nb4 11. Bc4 a6 12. dxe5 dxe5 13.
Be3 Rd8 14. Qb1 Be7 15. Na2 O-O 16. Nxb4 Bxb4 17. c3 Ba5 18. Ng3 Bg6 19. Qe1 b5
20. Be2 Bb6 21. Qf2 Bxe3 22. Qxe3 Nh5 23. Nxh5 Bxh5 24. b4 f6 25. axb5 axb5 26.
Ra6 Ra8 27. Rfa1 Rxa6 28. Rxa6 Rd8 29. h3 Qd6 30. Kg1 Be8 31. Kf2 1/2-1/2

[Event "Vaujany Principal"]
[Site "Villaz"]
[Date "2012.07.17"]
[Round "6.30"]
[White "N'Guyen, Emilien"]
[Black "Hodot, Yves"]
[Result "1-0"]
[ECO "A87"]
[WhiteElo "2027"]
[BlackElo "1915"]
[Annotator "Jean-pierre,LEES"]
[PlyCount "67"]
[SourceDate "2012.07.12"]
[WhiteTeam "India"]
[BlackTeam "Soviet Union"]
[WhiteTeamCountry "IND"]
[BlackTeamCountry "URS"]
[TimeControl "240+2"]

{1024MB, Fritz8.ctg
} 1. d4 f5 2. c4 Nf6 3. g3 g6 4. Bg2 Bg7 5. Nf3 d6 6. O-O
O-O 7. Nc3 e6 8. Re1 Nc6 9. d5 Ne7 10. dxe6 Bxe6 11. Qb3 Kh8 12. Nd4 Bg8 13.
Qxb7 Ne4 14. Rd1 (14. Nxe4 Bxd4 15. e3 Bg7 16. Nd2) 14... Rb8 15. Qa6 Rb6 16.
Qa3 Bxc4 17. Nxe4 fxe4 18. Bxe4 c5 19. Nc2 Qc7 (19... Bxe2) 20. Qe3 d5 21. Bd3
d4 22. Qg5 Bd5 23. b3 Rbf6 24. Rf1 h6 25. Qh4 g5 $2 26. Bxg5 Nf5 27. Bxf5 Rxf5
28. Bxh6 Kg8 29. Rac1 Qf7 30. Bxg7 Kxg7 31. f3 Rh8 32. Qg4+ Kf8 33. Nxd4 Qh7
34. Qxf5+ 1-0

[Event "Vaujany Principal"]
[Site "Villaz"]
[Date "2012.07.17"]
[Round "6.31"]
[White "Roche, Yves"]
[Black "Coppola, Federico"]
[Result "0-1"]
[ECO "A46"]
[WhiteElo "1956"]
[BlackElo "1844"]
[Annotator "Jean-pierre,LEES"]
[PlyCount "36"]
[SourceDate "2012.07.12"]
[WhiteTeam "India"]
[BlackTeam "Soviet Union"]
[WhiteTeamCountry "IND"]
[BlackTeamCountry "URS"]
[TimeControl "240+2"]

{1024MB, Fritz8.ctg
} 1. d4 Nf6 2. Nf3 c5 3. Bg5 Ne4 4. Bf4 d5 5. e3 Qb6 6. Nc3
Nxc3 7. bxc3 Qb2 8. Kd2 cxd4 9. Nxd4 a6 10. Rb1 Qa3 11. Bb5+ Bd7 12. Bxd7+ Nxd7
13. Qh5 Nf6 14. Qf5 Ne4+ 15. Kd3 Qxc3+ 16. Ke2 Qd2+ 17. Kf3 Qxf2+ 18. Kg4 Qxg2+
0-1

[Event "Vaujany Principal"]
[Site "Villaz"]
[Date "2012.07.17"]
[Round "6.33"]
[White "Trin, Pierre"]
[Black "De Lagontrie"]
[Result "0-1"]
[ECO "B33"]
[WhiteElo "1858"]
[BlackElo "1868"]
[Annotator "Jean-pierre,LEES"]
[PlyCount "70"]
[SourceDate "2012.07.12"]
[WhiteTeam "India"]
[BlackTeam "Soviet Union"]
[WhiteTeamCountry "IND"]
[BlackTeamCountry "URS"]
[TimeControl "240+2"]

{1024MB, Fritz8.ctg
} 1. e4 c5 2. Nf3 Nc6 3. d4 cxd4 4. Nxd4 Nf6 5. Nc3 e5 6.
Ndb5 d6 7. Nd5 Nxd5 8. exd5 Nb8 9. Nc3 Be7 10. Bb5+ Nd7 11. O-O O-O 12. Re1 f5
13. f4 Bf6 14. Bxd7 Bxd7 15. Qd3 e4 16. Qe3 a6 17. Ne2 Rc8 18. c3 Rc5 19. Rd1
Qe7 20. b4 Rc4 21. Bd2 Rfc8 22. a4 Be8 23. Qb6 Bh5 24. Qe3 Bxe2 25. Qxe2 Bxc3
26. Bxc3 Rxc3 27. b5 Rc2 28. Qf1 e3 29. Qd3 R8c3 30. Qxf5 e2 31. Re1 Qe3+ 32.
Kh1 Rc1 33. Qe6+ Qxe6 34. dxe6 Rxa1 35. Rxa1 Rd3 0-1

[Event "Vaujany Principal"]
[Site "Villaz"]
[Date "2012.07.17"]
[Round "6.34"]
[White "Van Foreest, Lucas"]
[Black "Dubois, Herve"]
[Result "1-0"]
[ECO "E12"]
[WhiteElo "1969"]
[BlackElo "1854"]
[Annotator "Jean-pierre,LEES"]
[PlyCount "91"]
[SourceDate "2012.07.12"]
[WhiteTeam "India"]
[BlackTeam "Soviet Union"]
[WhiteTeamCountry "IND"]
[BlackTeamCountry "URS"]
[TimeControl "240+2"]

{1024MB, Fritz8.ctg
} 1. d4 Nf6 2. c4 e6 3. Nf3 b6 4. Bg5 (4. g3) (4. a3) (4.
Nc3) 4... h6 5. Bd2 Bb7 6. e3 Ne4 7. Bd3 Nxd2 8. Nbxd2 Bb4 9. e4 O-O 10. O-O d5
11. cxd5 exd5 12. e5 c5 13. a3 Bxd2 14. Qxd2 cxd4 15. Nxd4 Nc6 16. Nxc6 Bxc6
17. Qc3 Qd7 18. Qd4 Bb5 19. Rfd1 Rac8 20. Bxb5 Qxb5 21. a4 Qb3 22. Rd3 Qc2 23.
b3 (23. Qxd5 Qxb2) 23... Rfd8 24. Rad1 Qc5 25. Qg4 d4 26. Qf4 Re8 27. Re1 (27.
Qxd4 Qxd4 28. Rxd4 Rxe5) 27... Qa5 28. Rdd1 d3 29. h3 Red8 30. Rd2 Qc3 31. Red1
Qxb3 32. Qg4 Qc4 33. Qf3 Qxa4 34. Kh1 Qe8 35. Rxd3 Rxd3 36. Rxd3 Qe6 37. Qe4
Re8 38. f4 f6 39. Rd5 Qc8 40. Rd6 Qc5 41. Qg6 $4 (41. Rxf6 Qc1+ 42. Kh2 gxf6
43. Qg6+ $11) 41... Rc8 $4 (41... Qc1+ 42. Kh2 Qxf4+ 43. Kg1 $19) 42. Rd7 Qf8
$4 (42... Qc1+) 43. e6 Re8 44. Rxg7+ Qxg7 45. Qxe8+ Qf8 46. Qd7 1-0

[Event "Vaujany Principal"]
[Site "Villaz"]
[Date "2012.10.27"]
[Round "7.17"]
[White "Vledouts"]
[Black "Ruecker"]
[Result "1/2-1/2"]
[ECO "B85"]
[WhiteElo "2039"]
[BlackElo "2260"]
[Annotator "Jean-pierre,LEES"]
[PlyCount "64"]
[SourceDate "2012.07.12"]
[WhiteTeam "India"]
[BlackTeam "Soviet Union"]
[WhiteTeamCountry "IND"]
[BlackTeamCountry "URS"]
[TimeControl "240+2"]

{1024MB, Fritz8.ctg
} 1. e4 c5 2. Nf3 e6 3. d4 cxd4 4. Nxd4 Nc6 5. Nc3 Qc7 6.
Be2 a6 7. O-O Nf6 8. Be3 Be7 9. f4 d6 10. a4 O-O 11. Kh1 Re8 12. Bf3 Bd7 13.
Nb3 Bc8 14. g4 Rb8 15. g5 Nd7 16. Bg2 b5 17. axb5 axb5 18. Qh5 g6 19. Qh4 Bf8
20. Ne2 Nb4 21. Nbd4 e5 22. fxe5 Nxe5 23. Nf4 Bb7 24. Rae1 Ba8 25. Nd5 Nxd5 26.
exd5 Nc4 27. Bc1 Qd7 28. Nc6 Rbc8 29. Nb4 Rxe1 30. Rxe1 Re8 31. b3 Ne5 32. Bd2
Qa7 1/2-1/2

[Event "Vaujany Principal"]
[Site "Villaz"]
[Date "2012.10.27"]
[Round "7.20"]
[White "Delorme, Laurie"]
[Black "Veys, Vincent"]
[Result "1/2-1/2"]
[ECO "D11"]
[WhiteElo "2171"]
[BlackElo "2041"]
[Annotator "Jean-pierre,LEES"]
[PlyCount "84"]
[SourceDate "2012.07.12"]
[WhiteTeam "India"]
[BlackTeam "Soviet Union"]
[WhiteTeamCountry "IND"]
[BlackTeamCountry "URS"]
[TimeControl "240+2"]

{1024MB, Fritz8.ctg
} 1. d4 d5 2. c4 c6 3. Nf3 Nf6 4. e3 Bg4 5. Qb3 Qb6 6. Ne5
Bf5 7. Nd2 e6 8. Be2 Nbd7 9. Nd3 c5 10. Nxc5 Nxc5 11. dxc5 Bxc5 12. Qxb6 Bxb6
13. cxd5 exd5 14. Nb3 O-O 15. Bd2 Bc2 16. O-O Bxb3 17. axb3 d4 18. exd4 Bxd4
19. Bf3 Bxb2 20. Ra2 Bd4 21. Bf4 Rad8 22. Bxb7 Bb6 23. Ba6 Nd5 24. Bd2 Bc5 25.
Bc4 Nf6 26. Be3 Bb6 27. Bxb6 axb6 28. Ra7 Ne4 29. f3 Nd2 30. Rc1 Nxc4 31. Rxc4
Rd2 32. h4 h5 33. Rac7 Re8 34. Rc8 Rdd8 35. Rxd8 Rxd8 36. Rc6 Rd4 37. Rxb6 Rxh4
38. Kf2 Rd4 39. Ke3 Rd1 40. Rb5 Rb1 41. Kd4 Rb2 42. g3 g6 1/2-1/2

[Event "Vaujany Principal"]
[Site "Villaz"]
[Date "2012.07.18"]
[Round "7.22"]
[White "Houard, Sebastien"]
[Black "Haver, Daan"]
[Result "0-1"]
[ECO "B76"]
[WhiteElo "2089"]
[BlackElo "1961"]
[Annotator "Jean-pierre,LEES"]
[PlyCount "120"]
[SourceDate "2012.07.12"]
[WhiteTeam "India"]
[BlackTeam "Soviet Union"]
[WhiteTeamCountry "IND"]
[BlackTeamCountry "URS"]
[TimeControl "240+2"]

{1024MB, Fritz8.ctg
} 1. e4 c5 2. Nf3 d6 3. d4 cxd4 4. Nxd4 Nf6 5. Nc3 g6 6.
Be3 Bg7 7. f3 O-O 8. Qd2 Nc6 9. O-O-O d5 10. exd5 Nxd5 11. Nxc6 bxc6 12. Bd4 e5
13. Bc5 Be6 14. Ne4 (14. Bxf8 Qxf8 15. Nxd5 cxd5 16. Qa5 Qe7 17. Rd3 e4 18. Rb3
d4) 14... Re8 15. Bc4 Qc7 16. g4 h6 17. h4 Red8 18. Qf2 Qa5 19. g5 h5 20. Rd3
Nf4 21. Ra3 Qc7 22. Bxe6 Nxe6 23. Bxa7 c5 24. Bxc5 Nxc5 25. Qxc5 Qxc5 26. Nxc5
Rxa3 27. bxa3 Bf8 28. Nd3 Bxa3+ 29. Kd2 Bb4+ 30. c3 Ba5 31. Re1 Rc8 32. Nb4 Rc4
33. Re4 Rc5 34. Kd3 f6 35. gxf6 Kf7 36. a3 Bd8 37. c4 Bxf6 38. Kc3 Ra5 39. Kb3
Ke6 40. a4 Bg7 41. Nd5 Ra7 42. Nc3 Kf5 43. Nb5 Rd7 44. c5 Rd3+ 45. Kc4 Rxf3 46.
c6 Kxe4 47. c7 Rf8 48. Nd6+ Kf3 49. Kd5 e4 50. Nxe4 Rc8 51. Ng5+ Kg4 52. Kd6
Kxh4 (52... Be5+ 53. Kxe5 Rxc7) 53. Ne6 Bc3 54. Kd7 Ra8 55. Nd8 Ba5 56. c8=Q
Rxc8 57. Kxc8 g5 58. Nc6 Bc3 59. a5 Bxa5 60. Nxa5 Kg3 0-1

[Event "Vaujany Principal"]
[Site "Villaz"]
[Date "2012.07.18"]
[Round "7.23"]
[White "Brest, J.F.."]
[Black "Viennot, Dylan"]
[Result "0-1"]
[ECO "E03"]
[WhiteElo "2046"]
[BlackElo "2149"]
[Annotator "Jean-pierre,LEES"]
[PlyCount "40"]
[SourceDate "2012.07.12"]
[WhiteTeam "India"]
[BlackTeam "Soviet Union"]
[WhiteTeamCountry "IND"]
[BlackTeamCountry "URS"]
[TimeControl "240+2"]

{1024MB, Fritz8.ctg
} 1. d4 e6 2. c4 Nf6 3. g3 d5 4. Nf3 dxc4 5. Qa4+ Nbd7 6.
Bg2 a6 7. Qxc4 b5 8. Qc6 Rb8 9. Bf4 Bb7 10. Qc2 Rc8 11. O-O c5 12. dxc5 Bxc5
13. Qd1 Qb6 14. Ne1 e5 15. Bxb7 Qxb7 16. Bc1 h5 17. Nd3 Bb6 18. Nc3 h4 19. e4
hxg3 20. hxg3 Rxc3 0-1

[Event "Vaujany Principal"]
[Site "Villaz"]
[Date "2012.10.28"]
[Round "7.25"]
[White "Petrone"]
[Black "N'Guyen, Emilien"]
[Result "1/2-1/2"]
[ECO "B19"]
[WhiteElo "1930"]
[BlackElo "2027"]
[Annotator "Jean-pierre,LEES"]
[PlyCount "61"]
[SourceDate "2012.07.12"]
[WhiteTeamCountry "IND"]
[BlackTeamCountry "URS"]
[TimeControl "240+2"]

{1024MB, Fritz8.ctg
} 1. e4 c6 2. d4 d5 3. Nc3 dxe4 4. Nxe4 Bf5 5. Ng3 Bg6 6.
Nf3 Nd7 7. h4 h6 8. h5 Bh7 9. Bd3 Bxd3 10. Qxd3 Qc7 11. Bd2 e6 12. O-O-O Ngf6
13. Ne4 O-O-O 14. g3 Nxe4 15. Qxe4 Nf6 16. Qe2 Rd5 (16... Bd6 17. c4 c5 18. Bc3
cxd4 19. Nxd4 a6) 17. c4 (17. Bf4 Bd6 18. Ne5 Bxe5 (18... Nd7 19. Rhe1 Rd8 20.
c4 Ra5 21. Kb1 Nxe5 22. dxe5 Bb4 23. Rxd8+ Kxd8 24. Rd1+) 19. Bxe5) 17... Rxh5
18. Rxh5 Nxh5 19. Qe5 Qxe5 20. Nxe5 f5 21. Re1 Rg8 22. Ng6 Kd7 23. Ne5+ Kc8 24.
Ng6 Kd7 25. Ne5+ Kd8 26. Ng6 Kd7 27. Ne5+ Kd8 28. Ng6 Kd7 29. Ne5+ Kd8 30. Ng6
Kd7 31. Ne5+ 1/2-1/2

[Event "Vaujany Principal"]
[Site "Villaz"]
[Date "2012.07.18"]
[Round "7.26"]
[White "Haver, Bas"]
[Black "Adam, Gyorgy Sr"]
[Result "1/2-1/2"]
[ECO "B35"]
[WhiteElo "2021"]
[BlackElo "2066"]
[Annotator "Jean-pierre,LEES"]
[PlyCount "98"]
[SourceDate "2012.07.12"]
[WhiteTeamCountry "IND"]
[BlackTeamCountry "URS"]
[TimeControl "240+2"]

{1024MB, Fritz8.ctg
} 1. e4 c5 2. Nf3 Nc6 3. d4 cxd4 4. Nxd4 g6 5. Nc3 Bg7 6.
Be3 Nf6 7. Bc4 O-O 8. Bb3 Qa5 9. O-O d6 10. h3 Qh5 11. Qd2 Na5 12. Nde2 Nxb3
13. axb3 Qe5 14. f4 Qe6 15. f5 Qd7 16. Nf4 b5 17. Nfd5 Bb7 18. Nxf6+ Bxf6 19.
Bd4 Bg7 20. f6 exf6 21. Bxf6 a6 22. Qd4 Bxf6 23. Rxf6 Rad8 24. Rd1 Rfe8 25.
Rxd6 Qxd6 26. Qxd6 Rxd6 27. Rxd6 Kg7 28. Rd4 Re5 29. b4 h5 30. Kf2 Kh6 31. Ke3
f5 32. Kf4 Re6 33. g4 fxg4 34. hxg4 Rf6+ 35. Kg3 hxg4 36. Rd3 Kg5 37. Re3 Rf1
38. Ne2 Rh1 39. Nf4 Rg1+ 40. Ng2 Rf1 41. b3 Bc6 42. c4 Bb7 43. Ne1 Rh1 44. Ng2
Rh3+ 45. Kf2 Rh7 46. Kg3 Re7 47. Nf4 bxc4 48. bxc4 Rxe4 49. Rxe4 Bxe4 1/2-1/2

[Event "Vaujany Principal"]
[Site "Villaz"]
[Date "2012.07.18"]
[Round "7.29"]
[White "Weisz, J."]
[Black "Bach, A."]
[Result "1-0"]
[ECO "A57"]
[WhiteElo "1809"]
[BlackElo "2052"]
[Annotator "Jean-pierre,LEES"]
[PlyCount "103"]
[SourceDate "2012.07.12"]
[WhiteTeamCountry "IND"]
[BlackTeamCountry "URS"]
[TimeControl "240+2"]

{1024MB, Fritz8.ctg
} 1. d4 Nf6 2. c4 c5 3. d5 b5 4. Nd2 bxc4 5. e4 c3 6. bxc3
g6 7. c4 d6 8. Bd3 Bg7 9. Bb2 O-O 10. Ngf3 Nbd7 11. O-O e5 12. Bc3 Ne8 13. Qc2
Nb6 14. a4 Bd7 15. a5 Nc8 16. Rfe1 f5 17. Rab1 g5 18. Nf1 g4 19. N3d2 f4 20. f3
Qh4 21. fxg4 Bxg4 22. Be2 h5 23. Qd3 Ne7 24. h3 Bc8 25. Qf3 Nf6 26. Qf2 Qg5 27.
Kh1 Kh8 28. Nh2 Bh6 29. Nhf3 Qg6 30. Bd3 Rg8 31. Rb2 Ng4 32. Qh4 (32. hxg4 hxg4
33. Nxe5 Qh5+ 34. Kg1 g3 35. Nf7+ Kh7 36. e5+ Ng6 37. Qf3 Bg4 38. Qxg4 Qxg4 39.
Rb7 Rgb8 40. Ne4 Bg7 (40... Rxb7 41. Nf6+ Kg7 42. Nxg4) 41. Nfg5+ Kh8 42. Rxg7
Kxg7 43. exd6+ Kh6 44. Nf7+ Kh5 45. Nf6+) 32... Ne3 33. Rg1 Nd1 34. Rb3 Nxc3
35. Rxc3 Bg5 36. Qxg5 Qxg5 37. Nxg5 Rxg5 38. Be2 Rb8 39. Rb1 Rxb1+ 40. Nxb1 h4
41. Nd2 Rg8 42. Rb3 Ba6 43. Nf3 Ng6 44. Ng5 Kg7 45. Ne6+ Kf6 46. Nc7 Bc8 47.
Rb8 Ke7 48. Nb5 a6 49. Na7 Be6 50. Nc6+ Kf6 (50... Kf7 51. dxe6+ Kg7 52. Rxg8+
Kxg8 53. e7 Kf7 54. Bh5) 51. dxe6 f3 52. Bxf3 1-0

[Event "Vaujany Principal"]
[Site "Villaz"]
[Date "2012.07.18"]
[Round "7.30"]
[White "Hoyer"]
[Black "Abdesselem"]
[Result "0-1"]
[ECO "A00"]
[WhiteElo "2032"]
[BlackElo "1875"]
[Annotator "Jean-pierre,LEES"]
[PlyCount "58"]
[SourceDate "2012.07.12"]
[WhiteTeamCountry "IND"]
[BlackTeamCountry "URS"]
[TimeControl "240+2"]

{1024MB, Fritz8.ctg
} 1. g3 e5 2. Bg2 d5 3. d3 Nf6 4. Nd2 Be7 5. e4 dxe4 6.
dxe4 O-O 7. Ngf3 Nc6 8. O-O Be6 9. h3 h6 10. c3 a5 11. Qe2 Qc8 12. Kh2 a4 13.
Nc4 Nd7 14. Ne3 Nb6 15. g4 Bf6 16. Rd1 Rd8 17. Rxd8+ Qxd8 18. Nf5 Nc4 19. h4
Bxf5 20. exf5 Qd6 21. Qe4 a3 22. bxa3 Ra4 23. Kh3 Nb6 24. Qc2 e4 25. Ng1 Rc4
26. Bd2 Bxh4 27. Be3 Bf6 28. Ne2 Qd3 29. Bxe4 Qxe4 0-1

[Event "Vaujany Principal"]
[Site "Villaz"]
[Date "2012.07.18"]
[Round "7.31"]
[White "De Lagontrie"]
[Black "Laehnwitz"]
[Result "1-0"]
[ECO "A57"]
[WhiteElo "1868"]
[BlackElo "2031"]
[Annotator "Jean-pierre,LEES"]
[PlyCount "55"]
[SourceDate "2012.07.12"]
[WhiteTeamCountry "IND"]
[BlackTeamCountry "URS"]
[TimeControl "240+2"]

{1024MB, Fritz8.ctg
} 1. d4 Nf6 2. c4 c5 3. d5 b5 4. Nf3 g6 5. cxb5 a6 6. e3
Bg7 7. Nc3 d6 8. a4 O-O 9. Ra3 Nbd7 10. h3 axb5 11. Bxb5 Ba6 12. O-O Nb6 13.
Bxa6 Rxa6 14. b3 Qa8 15. e4 Rb8 16. Qc2 h6 17. Nd2 Nfd7 18. Bb2 c4 19. b4 Nxa4
20. Rxa4 Rxa4 21. Nxa4 Bxb2 22. Nxb2 Qa2 23. Qc3 Nb6 24. Rc1 Ra8 25. Ndxc4 Rc8
26. Kh2 e6 27. dxe6 fxe6 28. Qf6 1-0

[Event "Vaujany Principal"]
[Site "Villaz"]
[Date "2012.07.18"]
[Round "7.32"]
[White "Michel, Stefan"]
[Black "Van Foreest, Lucas"]
[Result "0-1"]
[ECO "C25"]
[WhiteElo "1989"]
[BlackElo "1969"]
[Annotator "Jean-pierre,LEES"]
[PlyCount "50"]
[SourceDate "2012.07.12"]
[WhiteTeamCountry "IND"]
[BlackTeamCountry "URS"]
[TimeControl "240+2"]

{1024MB, Fritz8.ctg
} 1. e4 e5 2. Bc4 Nc6 (2... Nf6 3. Nc3 Nc6) 3. Nc3 Bc5 4.
Qg4 (4. Nf3 Nf6 5. d3 d6) 4... g6 5. Qg3 d6 6. Nf3 Nf6 7. Ng5 O-O 8. d3 Nd4 9.
Bb3 Nh5 10. Qh4 h6 11. O-O (11. Ne2 Nxb3 12. axb3 hxg5 13. Bxg5 f6 14. Bh6 Rf7)
11... Nxb3 12. axb3 hxg5 13. Bxg5 f6 14. Bh6 Rf7 15. g4 Nf4 16. Bxf4 exf4 17.
Qh6 Bxg4 18. Nd5 Qf8 19. Qh4 Be2 20. Nxf4 g5 21. Qg3 Bxf1 22. Rxf1 Qh6 23. d4
Bxd4 24. Ne6 Bb6 25. Kh1 Re8 0-1

[Event "Vaujany Principal"]
[Site "Villaz"]
[Date "2012.07.18"]
[Round "7.33"]
[White "Borderie, David"]
[Black "Roche, Yves"]
[Result "1-0"]
[ECO "A35"]
[WhiteElo "1986"]
[BlackElo "1956"]
[Annotator "Jean-pierre,LEES"]
[PlyCount "59"]
[SourceDate "2012.07.12"]
[WhiteTeamCountry "IND"]
[BlackTeamCountry "URS"]
[TimeControl "240+2"]

{1024MB, Fritz8.ctg
} 1. Nf3 c5 2. c4 Nc6 3. d4 cxd4 4. Nxd4 g6 5. Nc3 Bg7 6.
e3 Nf6 7. g3 O-O 8. Bg2 Re8 9. O-O Qc7 10. Ndb5 Qb8 11. Nd5 Nxd5 12. cxd5 Nb4
13. a3 Na6 14. d6 exd6 15. Qxd6 Be5 16. Qxb8 Bxb8 17. Bd2 Nc5 18. Bb4 Nd3 19.
Bd6 a6 20. Bxb8 Rxb8 21. Nd6 Rf8 22. b4 Kg7 23. Rfd1 Ne5 24. Rd5 Kf6 25. Ne4+
Ke6 26. Ng5+ Kf5 27. Nxh7 Re8 (27... Rh8 28. Bh3+ Ke4 29. Rd4+ Kf3 30. Ng5+ Ke2
31. Bf1#) 28. Bh3+ Ke4 29. Rd4+ Kf3 30. Ng5+ 1-0

[Event "Vaujany Principal "]
[Site "Villaz"]
[Date "2012.07.18"]
[Round "7.34"]
[White "Dubois, Hervé"]
[Black "Trin, Pierre"]
[Result "1-0"]
[ECO "A39"]
[WhiteElo "1854"]
[BlackElo "1858"]
[Annotator "Jean-pierre,LEES"]
[PlyCount "61"]
[SourceDate "2012.07.12"]
[WhiteTeamCountry "IND"]
[BlackTeamCountry "URS"]
[TimeControl "240+2"]

{1024MB, Fritz8.ctg
} 1. c4 Nf6 2. Nf3 g6 3. g3 Bg7 4. Bg2 O-O 5. O-O c5 6. d4
cxd4 7. Nxd4 Nc6 8. Nc3 Qb6 9. Nb3 d6 10. Be3 Qd8 11. Rc1 Ng4 12. Bd2 Nge5 13.
Nd5 e6 14. Ne3 Nd7 15. Bc3 Qe7 16. Bxg7 Kxg7 17. Nd4 Nxd4 18. Qxd4+ Nf6 19.
Rfd1 Rd8 20. Qc3 Rb8 21. Rd2 b6 22. Rcd1 Bb7 23. Ng4 e5 24. Nxf6 Qxf6 25. Qa3
Bxg2 26. Kxg2 Qe6 27. Rxd6 Rxd6 28. Qxd6 Qxd6 29. Rxd6 Rc8 30. b3 b5 $6 31.
cxb5 1-0

[Event "Vaujany Principal"]
[Site "Villaz"]
[Date "2012.07.19"]
[Round "8.14"]
[White "Haver, Daan"]
[Black "Meng, Roger"]
[Result "0-1"]
[ECO "C60"]
[WhiteElo "1961"]
[BlackElo "2272"]
[Annotator "Jean-pierre,LEES"]
[PlyCount "60"]
[SourceDate "2012.07.12"]
[WhiteTeamCountry "IND"]
[BlackTeamCountry "URS"]
[TimeControl "240+2"]

{1024MB, Fritz8.ctg
} 1. e4 e5 2. Nf3 Nc6 3. Bb5 g6 4. d4 exd4 5. Bg5 f6 6. Bh4
d6 7. Nxd4 Bd7 8. Nc3 Bg7 9. O-O Nge7 10. Re1 Nxd4 11. Qxd4 Bxb5 12. Nxb5 a6
13. Nc3 O-O 14. Qb4 Rb8 15. Rad1 Qd7 16. Nd5 Nc6 17. Qc3 Qf7 18. Qb3 Kh8 19.
Re3 Ne5 20. Rc3 c6 21. Nb6 Qe7 22. Rh3 Nf7 23. Re3 Rbd8 24. h3 Bh6 25. Ree1
Rfe8 26. a4 Bg7 27. Re3 Kg8 28. a5 Qe5 29. Nc4 Qh5 30. Bg3 Qxd1+ 0-1

[Event "Vaujany Principal"]
[Site "Villaz"]
[Date "2012.07.19"]
[Round "8.15"]
[White "Ruecker, Benjamin"]
[Black "Kormos, Adam"]
[Result "0-1"]
[ECO "D83"]
[WhiteElo "2260"]
[BlackElo "2193"]
[Annotator "Jean-pierre,LEES"]
[PlyCount "32"]
[SourceDate "2012.07.12"]
[WhiteTeamCountry "IND"]
[BlackTeamCountry "URS"]
[TimeControl "240+2"]

{1024MB, Fritz8.ctg
} 1. d4 Nf6 2. c4 g6 3. Nc3 d5 4. Bf4 Bg7 5. e3 O-O 6. Qb3
(6. cxd5 Nxd5 7. Nxd5 Qxd5 8. Bxc7 Na6 (8... Nc6 9. Ne2 Bg4 10. f3 Rac8 11. Nc3
Qe6 12. Bf4 Nxd4 13. fxg4 Rfd8)) 6... dxc4 7. Bxc4 a6 8. a4 c5 9. d5 Qa5 10.
Rc1 Ne4 11. Nge2 Nd7 12. O-O Nd2 13. Qa2 Nxf1 14. Kxf1 b5 15. Bd3 c4 16. Be4
Bb7 0-1

[Event "Vaujany Principal"]
[Site "Villaz"]
[Date "2012.10.30"]
[Round "8.16"]
[White "Milchev, N."]
[Black "Chauvet, V."]
[Result "1-0"]
[ECO "A25"]
[WhiteElo "2421"]
[BlackElo "2118"]
[Annotator "Jean-pierre,LEES"]
[PlyCount "103"]
[SourceDate "2012.07.12"]
[WhiteTeamCountry "IND"]
[BlackTeamCountry "URS"]
[TimeControl "240+2"]

{1024MB, Fritz8.ctg
} 1. c4 e5 2. g3 Nf6 3. Bg2 Nc6 4. Nc3 Bb4 5. e3 O-O 6.
Nge2 Re8 7. a3 Bf8 8. d3 g6 9. b4 Bg7 10. Bb2 d6 11. h3 Ne7 12. O-O c6 13. d4
exd4 14. Nxd4 d5 15. Qb3 dxc4 16. Qxc4 Nf5 17. Rfd1 Qe7 18. b5 Nxe3 19. fxe3
Qxe3+ 20. Kh1 Qxg3 21. Nde2 Qe3 22. Rd3 Qe7 23. bxc6 bxc6 24. Nd4 Bb7 25. Nxc6
Qc7 26. Nb5 Qb6 27. Rd6 Qf2 28. Qd4 Re1+ 29. Rxe1 Qxe1+ 30. Qg1 Qe2 31. Bxf6
Bxf6 32. Rxf6 Qxb5 33. Qe3 Bxc6 34. Bxc6 Qb1+ 35. Qg1 Rb8 36. Bd5 Qxg1+ 37.
Kxg1 Rb1+ 38. Kg2 Rb2+ 39. Kg3 Rd2 40. Bxf7+ Kg7 41. Rf3 h5 42. Bb3 g5 43. a4
a5 44. Rc3 Rd4 45. Rc7+ Kf6 46. Bc2 Rd5 47. Rc6+ Kg7 48. Kf3 Re5 49. Be4 h4 50.
Ke3 Kf7 51. Kd4 Re7 52. Rc5 1-0

[Event "Vaujany Principal"]
[Site "Villaz"]
[Date "2012.07.19"]
[Round "8.19"]
[White "Van Foreest, Jorden"]
[Black "Coppola, Federico"]
[Result "1-0"]
[ECO "A36"]
[WhiteElo "2209"]
[BlackElo "1844"]
[Annotator "Jean-pierre,LEES"]
[PlyCount "48"]
[SourceDate "2012.07.12"]
[WhiteTeamCountry "IND"]
[BlackTeamCountry "URS"]
[TimeControl "240+2"]

{1024MB, Fritz8.ctg
} 1. c4 c5 2. g3 g6 3. Bg2 Bg7 4. Nc3 Nc6 5. d3 d6 6. e3
Nf6 7. Nge2 O-O 8. O-O Rb8 9. Rb1 Bf5 10. a3 Qd7 11. Nf4 a6 12. b4 cxb4 13.
axb4 b5 14. cxb5 axb5 15. Ncd5 Nxd5 16. Nxd5 Ne5 17. e4 Bg4 18. f3 Be6 19. Nf4
Nc6 20. Be3 Bc3 21. Nxe6 fxe6 22. f4 Bxb4 23. d4 Bc3 24. f5 e5 $4 1-0